Match 41430601
Unlisted

Match 41430601
End
Construct Infanterie Kompanie
Selects Mechanized Battlegroup
MG 42 Machine Gun Team
Grenadier Squad
Grenadier Squad
Construct Panzergrenadier Kompanie
GrW 34 Mortar Team
251 Medium Carrier
Panzergrenadier Squad
Selects Spotting Scopes
Construct Panzer Kompanie
Stoßtruppen Squad
Stoßtruppen Squad
Selects Wespe Self-propelled Artillery
Panzer IV Medium Tank
Wespe Self-propelled Artillery
Selects Zeroing Artillery Barrage
Selects Raid Package
Panzer IV Medium Tank
Panzer Officer Quarters
Side Skirts
Pioneer Squad
Pioneer Squad
Panzer IV Medium Tank
Selects Zeroing Artillery Barrage
Selects 8 Rad Armored Car
Selects Zeroing Artillery Barrage
Selects 8 Rad Armored Car
Selects UNKNOWN (2160084)
Zeroing Artillery Barrage
Panther Heavy Tank
Macoyli Quispe
Katunar
Doomster
PatriceLumumba400
ezh
Devochkin
STALKER4732
SoyaLors
0
0

Comments sign in to comment!

No comments posted yet!